3A
EUGENE VANDALS @ PUT-IN-BAY BC
07/30/2037
 
TOP OF THE 1ST
Eugene Vandals batting - Pitching for Put-In-Bay BC : LHP Jeremy Parker
Pitching: LHP Jeremy Parker
Batting: RHB António Reyes 0-0: Swinging Strike
0-1: Ball
1-1: Ball
2-1: Bunt for hit to 2R - play at first, batter OUT! 2-3
Batting: LHB Robby Sinor 0-0: Ball
1-0: Ball
2-0: Called Strike
2-1: Ball
3-1: Base on Balls
Batting: RHB Meshach Ashpenaz 0-0: Ball
1-0: Ball
2-0: Ball
3-0: Called Strike
3-1: Called Strike
3-2: Fly out, F7 (Line Drive, 7LM, EV 92.5 MPH)
Batting: RHB Xiao-yong Chu 0-0: Called Strike
0-1: Ball
1-1: Ball
2-1: Foul Ball, location: 2F
2-2: Ball
3-2: SINGLE (Groundball, 6MD, EV 97.5 MPH)
Robby Sinor to second
Robby Sinor to third
Batting: RHB Myeong-keun Kim 0-0: Ball
1-0: SINGLE (Line Drive, 34D, EV 108.8 MPH)
Robby Sinor scores
Xiao-yong Chu to second
Batting: RHB Chico Custardoi 0-0: Foul Ball, location: 2F
0-1: Ball
1-1: Ground out 5-3 (Groundball, 5S, EV 87.5 MPH)
Top of the 1st over - 1 run, 2 hits, 0 errors, 2 left on base; Eugene 1 - Put-In-Bay 0
BOTTOM OF THE 1ST
Put-In-Bay BC batting - Pitching for Eugene Vandals : RHP Juan Rodríguez
Pitching: RHP Juan Rodríguez
Batting: LHB Leslie Small 0-0: Ball
1-0: Ball
2-0: Foul Ball, location: 2F
2-1: Foul Ball, location: 2F
2-2: Ball
3-2: Foul Ball, location: 2F
3-2: Foul Ball, location: 2F
3-2: Fly out, F7 (Flyball, 7LSF, EV 78.8 MPH)
Batting: RHB Jesús Méndez 0-0: Called Strike
0-1: Foul Ball, location: 2F
0-2: Ball
1-2: Ball
2-2: Foul Ball, location: 2F
2-2: Ball
3-2: Foul Ball, location: 2F
3-2: Base on Balls
Batting: LHB Eric Manchester 0-0: Ball
1-0: Ball
2-0: Ball
3-0: Called Strike
3-1: Called Strike
3-2: Base on Balls
Jesús Méndez to second
Batting: SHB Ángel García 0-0: Called Strike
0-1: Called Strike
0-2: Ball
1-2: Fly out, F5 (Line Drive, 5, EV 70.0 MPH)
Batting: RHB Man-su Chong 0-0: Ball
1-0: Called Strike
1-1: Ball
2-1: Ball
3-1: Called Strike
3-2: SINGLE (Groundball, 6D, EV 101.9 MPH)
Jesús Méndez to third
Eric Manchester to second
Jesús Méndez scores
Eric Manchester to third
Batting: LHB Sergio Morán 0-0: Foul Ball, location: 2F
0-1: Called Strike
0-2: Foul Ball, location: 2F
0-2: Foul Ball, location: 2F
0-2: Foul Ball, location: 2F
0-2: Ground out U3 (Groundball, 3, EV 87.5 MPH)
Bottom of the 1st over - 1 run, 1 hit, 0 errors, 2 left on base; Eugene 1 - Put-In-Bay 1
TOP OF THE 2ND
Eugene Vandals batting - Pitching for Put-In-Bay BC : LHP Jeremy Parker
Batting: RHB Qian-fu Zhou 0-0: Called Strike
0-1: Ball
1-1: Foul Ball, location: 2F
1-2: Strikes out swinging
Batting: RHB Sergio Vargas 0-0: Foul Ball, location: 2F
0-1: Ground out 6-3 (Groundball, 56, EV 104.4 MPH)
Batting: RHB Eduardo Cruz 0-0: Called Strike
0-1: Called Strike
0-2: Ball
1-2: Foul Ball, location: 2F
1-2: Ball
2-2: Strikes out swinging
Top of the 2nd over - 0 runs, 0 hits, 0 errors, 0 left on base; Eugene 1 - Put-In-Bay 1
BOTTOM OF THE 2ND
Put-In-Bay BC batting - Pitching for Eugene Vandals : RHP Juan Rodríguez
Batting: RHB Martin Payton 0-0: Ball
1-0: Called Strike
1-1: Ball
2-1: Called Strike
2-2: Strikes out swinging
Batting: RHB Alexander Conley 0-0: Ball
1-0: SINGLE (Groundball, 4MD, EV 101.2 MPH)
Batting: RHB Luis Marín 0-0: Ball
1-0: Ball
Alexander Conley steals 2nd base
2-0: Called Strike
2-1: Swinging Strike
2-2: Ball
3-2: Strikes out swinging
Batting: LHB Leslie Small 0-0: Foul Ball, location: 2F
0-1: Ball
1-1: Ground out 4-3 (Groundball, 4, EV 80.6 MPH)
Bottom of the 2nd over - 0 runs, 1 hit, 0 errors, 1 left on base; Eugene 1 - Put-In-Bay 1
TOP OF THE 3RD
Eugene Vandals batting - Pitching for Put-In-Bay BC : LHP Jeremy Parker
Batting: RHB António Reyes 0-0: Called Strike
0-1: Called Strike
0-2: Strikes out looking
Batting: LHB Robby Sinor 0-0: Called Strike
0-1: Foul Ball, location: 2F
0-2: Foul Ball, location: 2F
0-2: Ball
1-2: Strikes out swinging
Batting: RHB Meshach Ashpenaz 0-0: Ball
1-0: Foul Ball, location: 2F
1-1: Ball
2-1: Called Strike
2-2: Fly out, F8 (Flyball, 8RXD, EV 103.1 MPH)
Top of the 3rd over - 0 runs, 0 hits, 0 errors, 0 left on base; Eugene 1 - Put-In-Bay 1
BOTTOM OF THE 3RD
Put-In-Bay BC batting - Pitching for Eugene Vandals : RHP Juan Rodríguez
Batting: RHB Jesús Méndez 0-0: Ball
1-0: Swinging Strike
1-1: Foul Ball, location: 2F
1-2: Reached on error, E6 (Groundball, 6M, EV 85.6 MPH)
Batting: LHB Eric Manchester 0-0: Swinging Strike
0-1: Foul Ball, location: 2F
0-2: Fly out, F4 (Line Drive, 4, EV 68.8 MPH)
Batting: SHB Ángel García 0-0: Called Strike
0-1: Foul Ball, location: 2F
0-2: Ball
1-2: Fly out, F9 (Line Drive, 9, EV 99.4 MPH)
Batting: RHB Man-su Chong 0-0: Ball
Jesús Méndez steals 2nd, throwing error, E2
Jesús Méndez to third
1-0: Called Strike
1-1: Swinging Strike
1-2: Foul Ball, location: 2F
1-2: Ball
2-2: Fly out, F7 (Line Drive, 7D, EV 97.5 MPH)
Bottom of the 3rd over - 0 runs, 0 hits, 2 errors, 1 left on base; Eugene 1 - Put-In-Bay 1
TOP OF THE 4TH
Eugene Vandals batting - Pitching for Put-In-Bay BC : LHP Jeremy Parker
Batting: RHB Xiao-yong Chu 0-0: Ball
1-0: Ground out 5-3 (Groundball, 56, EV 83.8 MPH)
Batting: RHB Myeong-keun Kim 0-0: Called Strike
0-1: Ball
1-1: Ball
2-1: SINGLE (Groundball, 6, EV 81.2 MPH) (infield hit)
Batting: RHB Chico Custardoi 0-0: Foul Ball, location: 2F
0-1: Called Strike
0-2: Ball
1-2: Foul Ball, location: 2F
1-2: Strikes out swinging
Batting: RHB Qian-fu Zhou 0-0: Ball
1-0: Ball
2-0: Called Strike
2-1: Ball
3-1: Called Strike
3-2: Strikes out swinging
Top of the 4th over - 0 runs, 1 hit, 0 errors, 1 left on base; Eugene 1 - Put-In-Bay 1
BOTTOM OF THE 4TH
Put-In-Bay BC batting - Pitching for Eugene Vandals : RHP Juan Rodríguez
Batting: LHB Sergio Morán 0-0: Called Strike
0-1: Foul Ball, location: 2F
0-2: Foul Ball, location: 2F
0-2: Strikes out swinging
Batting: RHB Martin Payton 0-0: Ball
1-0: Swinging Strike
1-1: Ball
2-1: Fly out, F8 (Flyball, 8LM, EV 93.8 MPH)
Batting: RHB Alexander Conley 0-0: SINGLE (Groundball, 56, EV 87.5 MPH) (infield hit)
Batting: RHB Luis Marín 0-0: Ball
1-0: Ball
2-0: Ball
3-0: Called Strike
3-1: Foul Ball, location: 2F
3-2: Ground out 3-1 (Groundball, 34, EV 87.5 MPH)
Bottom of the 4th over - 0 runs, 1 hit, 0 errors, 1 left on base; Eugene 1 - Put-In-Bay 1
TOP OF THE 5TH
Eugene Vandals batting - Pitching for Put-In-Bay BC : LHP Jeremy Parker
Batting: RHB Sergio Vargas 0-0: Called Strike
0-1: Swinging Strike
0-2: Ball
1-2: Ball
2-2: Strikes out swinging
Batting: RHB Eduardo Cruz 0-0: Ball
1-0: SINGLE (Flyball, 7S, EV 93.1 MPH)
Batting: RHB António Reyes 0-0: Called Strike
0-1: Ball
1-1: Called Strike
1-2: Ball
2-2: SINGLE (Groundball, 34, EV 85.6 MPH) (infield hit)
Eduardo Cruz to second
Batting: LHB Robby Sinor 0-0: Ball
1-0: Called Strike
1-1: Ball
2-1: Called Strike
2-2: Ball
3-2: Strikes out swinging
Batting: RHB Meshach Ashpenaz 0-0: Ball
1-0: SINGLE (Line Drive, 9LS, EV 92.5 MPH)
Eduardo Cruz to third
António Reyes to second
Runner from 3rd tries for Home, SAFE, no throw by RF
Batting: RHB Xiao-yong Chu 0-0: Ball
1-0: Foul Ball, location: 2F
1-1: Foul Ball, location: 2F
1-2: Ball
2-2: Strikes out looking
Top of the 5th over - 1 run, 3 hits, 0 errors, 2 left on base; Eugene 2 - Put-In-Bay 1
BOTTOM OF THE 5TH
Put-In-Bay BC batting - Pitching for Eugene Vandals : RHP Juan Rodríguez
Pitching: RHP Pi-ao Shu
Batting: LHB Leslie Small 0-0: Foul Ball, location: 2F
0-1: Foul Ball, location: 2F
0-2: Ball
1-2: Ball
2-2: Ball
3-2: Foul Ball, location: 2F
3-2: Strikes out swinging
Batting: RHB Jesús Méndez 0-0: Swinging Strike
0-1: Ball
1-1: Foul Ball, location: 2F
1-2: Strikes out swinging
Batting: LHB Eric Manchester 0-0: Called Strike
0-1: Ball
1-1: Swinging Strike
1-2: Strikes out swinging
Bottom of the 5th over - 0 runs, 0 hits, 0 errors, 0 left on base; Eugene 2 - Put-In-Bay 1
TOP OF THE 6TH
Eugene Vandals batting - Pitching for Put-In-Bay BC : LHP Jeremy Parker
Batting: RHB Myeong-keun Kim 0-0: Foul Ball, location: 2F
0-1: Foul Ball, location: 2F
0-2: Foul Ball, location: 2F
0-2: Foul Ball, location: 2F
0-2: Ball
1-2: Foul Ball, location: 2F
1-2: Ball
2-2: Ground out 4-3 (Groundball, 4, EV 80.6 MPH)
Pitching: LHP Luca Boccasino
Batting: RHB Chico Custardoi 0-0: Called Strike
0-1: Swinging Strike
0-2: Ball
1-2: Strikes out swinging
Batting: RHB Qian-fu Zhou 0-0: Ball
1-0: Foul Ball, location: 2F
1-1: Ball
2-1: Ball
3-1: Foul Ball, location: 2F
3-2: Strikes out swinging
Top of the 6th over - 0 runs, 0 hits, 0 errors, 0 left on base; Eugene 2 - Put-In-Bay 1
BOTTOM OF THE 6TH
Put-In-Bay BC batting - Pitching for Eugene Vandals : RHP Pi-ao Shu
Batting: SHB Ángel García 0-0: Ball
1-0: Ground out 6-3 (Groundball, 6, EV 87.5 MPH)
Batting: RHB Man-su Chong 0-0: Called Strike
0-1: Ball
1-1: Ball
2-1: Foul Ball, location: 2F
2-2: Strikes out swinging, 2-3 out at first.
Batting: LHB Sergio Morán 0-0: Ball
1-0: Called Strike
1-1: Called Strike
1-2: Ball
2-2: Strikes out swinging
Bottom of the 6th over - 0 runs, 0 hits, 0 errors, 0 left on base; Eugene 2 - Put-In-Bay 1
TOP OF THE 7TH
Eugene Vandals batting - Pitching for Put-In-Bay BC : LHP Luca Boccasino
Batting: RHB Sergio Vargas 0-0: Ball
1-0: Foul Ball, location: 2F
1-1: Called Strike
1-2: Strikes out swinging
Batting: RHB Eduardo Cruz 0-0: Ball
1-0: Called Strike
1-1: Swinging Strike
1-2: Strikes out swinging
Batting: RHB António Reyes 0-0: Ball
1-0: Called Strike
1-1: Foul Ball, location: 2F
1-2: Foul Ball, location: 2F
1-2: Ball
2-2: Foul Ball, location: 2F
2-2: Strikes out swinging
Top of the 7th over - 0 runs, 0 hits, 0 errors, 0 left on base; Eugene 2 - Put-In-Bay 1
BOTTOM OF THE 7TH
Put-In-Bay BC batting - Pitching for Eugene Vandals : RHP Pi-ao Shu
Batting: RHB Martin Payton 0-0: Called Strike
0-1: Fly out, F8 (Flyball, 8RS, EV 90.6 MPH)
Batting: RHB Alexander Conley 0-0: Ball
1-0: Fly out, F4 (Popup, 34D, EV 60.0 MPH)
Batting: RHB Luis Marín 0-0: Swinging Strike
0-1: Swinging Strike
0-2: Ball
1-2: Ball
2-2: Foul Ball, location: 2F
2-2: Ball
3-2: Strikes out swinging passed ball, reaches first!
Batting: LHB Leslie Small 0-0: Called Strike
0-1: Called Strike
0-2: SINGLE (Line Drive, 6D, EV 95.6 MPH)
Luis Marín to second
Pinch Hitting: SHB Reginald Gibson 0-0: Called Strike
0-1: Called Strike
0-2: Foul Ball, location: 2F
0-2: Ball
1-2: Strikes out looking
Bottom of the 7th over - 0 runs, 1 hit, 0 errors, 2 left on base; Eugene 2 - Put-In-Bay 1
TOP OF THE 8TH
Eugene Vandals batting - Pitching for Put-In-Bay BC : LHP Luca Boccasino
Now at 2B: Tom Hendrickson
Batting: LHB Robby Sinor 0-0: Ball
1-0: Ball
2-0: Ball
3-0: Base on Balls
Batting: RHB Meshach Ashpenaz 0-0: SINGLE (Flyball, 89M, EV 95.0 MPH)
Robby Sinor to second
Robby Sinor to third
Batting: RHB Xiao-yong Chu 0-0: 3-RUN HOME RUN (Flyball, 7LD, EV 97.5 MPH), Distance : 347 ft
Pitching: RHP Carlos Hernández
Batting: RHB Myeong-keun Kim 0-0: Ball
1-0: Ball
2-0: Ball
3-0: Foul Ball, location: 2F
3-1: Swinging Strike
3-2: Base on Balls
Batting: RHB Chico Custardoi 0-0: Sac Bunt to 13 - play at first, batter OUT! 1-3
Myeong-keun Kim to second
Batting: RHB Qian-fu Zhou 0-0: Fly out, F8 (Flyball, 8LXD, EV 86.9 MPH)
Runner from 2nd tags up, SAFE at 3rd, no throw by CF
Batting: RHB Sergio Vargas 0-0: Ball
1-0: Foul Ball, location: 2F
1-1: Ball
2-1: Foul Ball, location: 2F
2-2: Ball
3-2: DOUBLE (Flyball, 8LD, EV 97.5 MPH)
Myeong-keun Kim scores
Batting: RHB Eduardo Cruz 0-0: Ball
1-0: Called Strike
1-1: Foul Ball, location: 2F
1-2: Foul Ball, location: 2F
1-2: Foul Ball, location: 2F
1-2: SINGLE (Line Drive, 4D, EV 105.0 MPH)
Sergio Vargas to third
Runner from 3rd tries for Home, SAFE, throw by CF to home
Batting: RHB António Reyes 0-0: Ball
1-0: Ball
2-0: Called Strike
2-1: Called Strike
2-2: Fly out, F7 (Line Drive, 7, EV 90.6 MPH)
Top of the 8th over - 5 runs, 4 hits, 0 errors, 1 left on base; Eugene 7 - Put-In-Bay 1
BOTTOM OF THE 8TH
Put-In-Bay BC batting - Pitching for Eugene Vandals : RHP Pi-ao Shu
Batting: LHB Eric Manchester 0-0: Called Strike
0-1: SINGLE (Line Drive, 6D, EV 95.6 MPH)
Batting: SHB Ángel García 0-0: Ball
1-0: Ball
2-0: Fly out, F9 (Flyball, 89M, EV 85.0 MPH)
Batting: RHB Man-su Chong 0-0: Foul Ball, location: 2F
0-1: Ball
1-1: Foul Ball, location: 2F
1-2: SINGLE (Groundball, 56D, EV 94.4 MPH)
Eric Manchester to second
Runner from 2nd tries for 3rd, SAFE, throw by LF made to third
Pitching: RHP Tanosuke Ikeda
Batting: LHB Sergio Morán 0-0: Foul Ball, location: 2F
0-1: Foul Ball, location: 2F
0-2: Ball
1-2: Foul Ball, location: 2F
1-2: Fly out, F8 (Flyball, 8LS, EV 81.9 MPH)
Batting: RHB Martin Payton 0-0: Foul Ball, location: 2F
0-1: Ball
1-1: Ball
2-1: Ball
3-1: Base on Balls
Man-su Chong to second
Batting: RHB Alexander Conley 0-0: Ball
1-0: Ball
2-0: Foul Ball, location: 2F
2-1: Reached on error, E4 (Groundball, 4, EV 100.0 MPH)
Eric Manchester scores
Man-su Chong to third
Martin Payton to second
Batting: RHB Luis Marín 0-0: Ball
1-0: Ball
2-0: Called Strike
2-1: Foul Ball, location: 2F
2-2: Ball
3-2: Base on Balls
Man-su Chong scores
Martin Payton to third
Alexander Conley to second
Batting: LHB Leslie Small 0-0: Ball
1-0: Ball
2-0: Called Strike
2-1: Ball
3-1: SINGLE (Groundball, 6, EV 88.8 MPH) (infield hit)
Martin Payton scores
Alexander Conley to third
Luis Marín to second
Batting: RHB Tom Hendrickson 0-0: Called Strike
0-1: Swinging Strike
0-2: Ball
1-2: Foul Ball, location: 2F
1-2: Ball
2-2: Fielders Choice at 2nd, 6-4 (Groundball, 6, EV 91.2 MPH)
Bottom of the 8th over - 3 runs, 3 hits, 1 error, 3 left on base; Eugene 7 - Put-In-Bay 4
TOP OF THE 9TH
Eugene Vandals batting - Pitching for Put-In-Bay BC : RHP Carlos Hernández
Batting: LHB Robby Sinor 0-0: Ball
1-0: Called Strike
1-1: Foul Ball, location: 2F
1-2: Strikes out swinging
Batting: RHB Meshach Ashpenaz 0-0: Foul Ball, location: 2F
0-1: Fly out, F7 (Flyball, 7D, EV 103.1 MPH)
Batting: RHB Xiao-yong Chu 0-0: Ball
1-0: Fly out, F9 (Line Drive, 9, EV 98.1 MPH)
Top of the 9th over - 0 runs, 0 hits, 0 errors, 0 left on base; Eugene 7 - Put-In-Bay 4
BOTTOM OF THE 9TH
Put-In-Bay BC batting - Pitching for Eugene Vandals : RHP Tanosuke Ikeda
Pitching: LHP Esteban Vásquez
Now in LF: César Martínez
Now in RF: Arturo Gallago
Batting: LHB Eric Manchester 0-0: Called Strike
0-1: Fly out, F8 (Flyball, 8RD, EV 84.4 MPH)
Batting: SHB Ángel García 0-0: Fly out, F7 (Line Drive, 7D, EV 88.8 MPH)
Batting: RHB Man-su Chong 0-0: Ball
1-0: Ball
2-0: Ball
3-0: Called Strike
3-1: Foul Ball, location: 2F
3-2: Foul Ball, location: 2F
3-2: SOLO HOME RUN (Flyball, 7LD, EV 97.5 MPH), Distance : 327 ft
Batting: LHB Sergio Morán 0-0: Ball
1-0: Foul Ball, location: 2F
1-1: Ball
2-1: Ball
3-1: Called Strike
3-2: SINGLE (Groundball, 6, EV 87.5 MPH) (infield hit)
Batting: RHB Martin Payton 0-0: Foul Ball, location: 2F
0-1: Ball
1-1: Foul Ball, location: 2F
1-2: Foul Ball, location: 2F
1-2: Foul Ball, location: 2F
1-2: Ball
2-2: Foul Ball, location: 2F
2-2: Ball
3-2: Foul Ball, location: 2F
3-2: Foul Ball, location: 2F
3-2: DOUBLE (Groundball, 5L, EV 102.5 MPH)
Sergio Morán to third
Sergio Morán scores
Batting: RHB Alexander Conley 0-0: Called Strike
0-1: Ball
1-1: Called Strike
1-2: Ball
2-2: Foul Ball, location: 2F
2-2: Ball
3-2: Base on Balls
Batting: RHB Luis Marín 0-0: Ball
1-0: Fly out, F6 (Line Drive, 6, EV 73.8 MPH)
Bottom of the 9th over - 2 runs, 3 hits, 0 errors, 2 left on base; Eugene 7 - Put-In-Bay 6
Thursday, January 23rd, 2020 - OOTP Baseball 20.8 Build 74